[Event "Titled Tuesday Blitz December 20 Late 2022"]
[White "Miszler, Levente"]
[Black "Biernacki, Mark"]
[WhiteFideId "763276"]
[BlackFideId "2082322"]
[WhiteElo "2176"]
[BlackElo "1970"]
[Result "0-1"]
[Round "06"]
[TimeControl "180+1"]
[Date "2022.12.21"]
[WhiteClock "0:00:16"]
[BlackClock "0:00:16"]

1. e4 c5 2. Nc3 Nc6 3. f4 g6 4. Nf3 Bg7 5. g3 d6 6. Bg2 Nf6 7. O-O O-O 8. d3 Rb8 9. h3 b5 10. g4 b4 11. Ne2 a5 12. g5 Nd7 13. Ng3 Ba6 14. f5 c4 15. h4 cxd3 16. cxd3 Nde5 17. Ne1 Qb6+ 18. Kh1 Qb5 19. f6 exf6 20. gxf6 Bh8 21. d4 Nd7 22. Bg5 Qb6 23. Qg4 Bxf1 24. Qxd7 Bxg2+ 25. Nxg2 Nxd4 26. Ne3 Qc6 27. Nef5 gxf5 28. Qxc6 Nxc6 29. Nxf5 Rfe8 30. Rg1 h5 31. Nxd6 Re6 32. e5 Nxe5 33. Bf4+ Ng6 34. Nf5 Rxf6 35. Nh6+ Kh7 36. Bxb8 Kxh6 37. Bc7 Nxh4 38. Bd8 Rf3 39. Rg8 Rh3+ 40. Kg1 Bd4+ 41. Kf1 Rh1+ 42. Ke2 Rh2+ 43. Kd3 Bf2 44. Bc7 Rh3+ 45. Kc4 Ng6 46. Kb5 Rd3 47. Kxa5 h4 48. Rd8 Rxd8 49. Bxd8 h3 50. Bc7 f5 51. Bh2 f4 52. Kxb4 Bg3 53. Bg1 h2 54. Bxh2 Bxh2 55. Kc4 f3 56. Kd3 f2 57. Ke2 Bg3 58. a4 Nf4+ 59. Kf1 Kg5 60. a5 Nd5 61. Ke2 Kf4 62. a6 Ke4 63. a7 Nb6 64. b4 Na8 65. Kf1 Kd5 66. Kg2 Kc6 67. b5+ Kxb5 68. Kxg3 f1=Q 69. Kh2 Qd3 70. Kg2 Qf5 71. Kg3 Kc6 72. Kh2 Kb7 73. Kh1 Kxa7 74. Kh2 Kb7 75. Kh1 Kc6 76. Kh2 Kd5 77. Kh1 Ke4 78. Kh2 Qg4 79. Kh1 Kf3 80. Kh2 Qg2# 0-1


[Site "https://www.chess.com"]

[Event "Titled Tuesday Blitz December 20 Late 2022"]
[White "Moksh Amit Doshi"]
[Black "Keymer, Vincent"]
[WhiteFideId "25064967"]
[BlackFideId "12940690"]
[WhiteElo "2297"]
[BlackElo "2600"]
[Result "0-1"]
[Round "06"]
[TimeControl "180+1"]
[Date "2022.12.20"]
[WhiteClock "0:01:52"]
[BlackClock "0:02:26"]

1. d4 Nf6 2. c4 e6 3. Nc3 Bb4 4. Qc2 c5 5. dxc5 O-O 6. Nf3 Na6 7. g3 Nxc5 8. Bg2 Nce4 9. O-O Bxc3 10. bxc3 d5 11. Ba3 Re8 12. Rfd1 Qc7 13. cxd5 Qxc3 14. Rac1 Qxa3 0-1


[Site "https://www.chess.com"]

[Event "Titled Tuesday Blitz December 20 Late 2022"]
[White "Moreno Perez, Tobias Sebastian"]
[Black "Sanchez, Robert"]
[WhiteFideId "186716"]
[BlackFideId "2034360"]
[WhiteElo "2259"]
[BlackElo "2382"]
[Result "1-0"]
[Round "06"]
[TimeControl "180+1"]
[Date "2022.12.21"]
[WhiteClock "0:00:46"]
[BlackClock "0:00:20"]

1. Nf3 d5 2. b3 Nf6 3. Bb2 e6 4. g3 Be7 5. Bg2 O-O 6. O-O c5 7. d3 Nc6 8. Nbd2 h6 9. e4 d4 10. a4 e5 11. Nc4 Qc7 12. Nh4 Bg4 13. Qd2 a6 14. Nf5 Bxf5 15. exf5 Rac8 16. a5 Rfd8 17. Rfe1 Bd6 18. Ba3 Re8 19. Nb6 Rcd8 20. Nc4 Ne7 21. Nxd6 Qxd6 22. Bxb7 Nxf5 23. b4 c4 24. b5 Qd7 25. Bc6 Qc8 26. Bxe8 Rxe8 27. b6 c3 28. Qe2 Qb7 29. Qf1 e4 30. Qg2 Re6 31. dxe4 Nxe4 32. Rad1 Nh4 33. Qh1 Nd2 34. Qxb7 Ndf3+ 35. Kh1 Nxe1 1-0


[Site "https://www.chess.com"]

[Event "Titled Tuesday Blitz December 20 Late 2022"]
[White "Munoz, Francisco Javier"]
[Black "Smith, Garrett L"]
[WhiteFideId "128368"]
[BlackFideId "2024829"]
[WhiteElo "2383"]
[BlackElo "2221"]
[Result "1-0"]
[Round "06"]
[TimeControl "180+1"]
[Date "2022.12.21"]
[WhiteClock "0:00:50"]
[BlackClock "0:00:17"]

1. e4 c5 2. Nc3 Nc6 3. f4 e6 4. Nf3 Nge7 5. Bb5 a6 6. Bxc6 Nxc6 7. d3 g6 8. h4 h5 9. Ng5 Bg7 10. Be3 Nd4 11. Rh2 d6 12. g4 Bd7 13. gxh5 Rxh5 14. Qg4 e5 15. Qg3 b5 16. O-O-O f6 17. Nh3 Kf8 18. Rg1 Rxh4 19. Bxd4 cxd4 20. Qxh4 dxc3 21. Rxg6 Qa5 22. Rxg7 cxb2+ 23. Kb1 1-0


[Site "https://www.chess.com"]

[Event "Titled Tuesday Blitz December 20 Late 2022"]
[White "Musovic, Armin"]
[Black "Rorrer, Grayson"]
[WhiteFideId "939935"]
[BlackFideId "30944996"]
[WhiteElo "2288"]
[BlackElo "2200"]
[Result "0-1"]
[Round "06"]
[TimeControl "180+1"]
[Date "2022.12.20"]
[WhiteClock "0:01:08"]
[BlackClock "0:00:41"]

1. a3 Nf6 2. Nc3 d5 3. d3 d4 4. Ne4 Nxe4 5. dxe4 c5 6. Nf3 Nc6 7. e3 Bg4 8. exd4 Bxf3 9. Qxf3 Nxd4 10. Qd1 e6 11. c3 Nc6 12. Qxd8+ Rxd8 13. Be3 a6 14. Rd1 Rxd1+ 15. Kxd1 Be7 16. Kc2 Kd7 17. Be2 Kc7 18. h4 h5 19. Rd1 Bxh4 20. Bxc5 Be7 21. Be3 g6 22. b4 Rd8 23. Rh1 Ne5 24. a4 Bf6 25. f4 Nd7 26. e5 Bg7 27. g4 hxg4 28. Rh7 Rg8 29. Bxg4 Nf8 30. Rh2 Rh8 31. Rxh8 Bxh8 32. a5 Nd7 33. Kd3 Bg7 34. Ke4 f5+ 35. exf6 Nxf6+ 36. Kf3 Nxg4 37. Kxg4 Bxc3 38. Bb6+ Kc6 39. Kg5 Bxb4 40. Kxg6 Bd2 41. f5 exf5 42. Kxf5 Kb5 43. Ke4 Bxa5 44. Be3 Bb6 45. Bd2 Kc4 46. Kf3 a5 47. Ke2 a4 48. Kd1 Bd4 49. Kc2 a3 50. Kb1 Kb3 51. Kc1 a2 52. Kd1 a1=Q+ 53. Ke2 Qa6+ 0-1


[Site "https://www.chess.com"]

[Event "Titled Tuesday Blitz December 20 Late 2022"]
[White "Myers, Dominique"]
[Black "Reprintsev, Alexander"]
[WhiteFideId "2041715"]
[BlackFideId "14100541"]
[WhiteElo "1953"]
[BlackElo "2230"]
[Result "0-1"]
[Round "06"]
[TimeControl "180+1"]
[Date "2022.12.21"]
[WhiteClock "0:01:57"]
[BlackClock "0:00:59"]

1. e4 d5 2. exd5 Qxd5 3. Nc3 Qa5 4. Nge2 e5 5. g3 h5 6. Bg2 h4 7. d3 Bg4 8. h3 Bxe2 9. Qxe2 hxg3 10. fxg3 Nc6 11. Be3 Bb4 12. Bd2 Nge7 13. O-O O-O-O 14. a3 Bc5+ 15. Be3 Qb6 16. Bxc5 Qxc5+ 17. Qf2 Qxf2+ 18. Rxf2 f6 19. Re1 a6 20. Ne4 Nd4 21. b4 Nb5 22. a4 Nd6 23. Nc5 c6 24. Ne6 Rdg8 25. c4 Ndf5 26. Kh2 Kd7 27. Nc5+ Kc7 28. a5 Nd4 29. g4 Ng6 30. Kg3 Nf4 31. Re3 g5 32. Ne4 Rh6 33. Nxf6 Rxf6 34. Rxe5 Rgf8 35. Rd2 Nxg2 36. Rxg2 Rf3+ 37. Kh2 Rxd3 38. Rxg5 Nf3+ 0-1


[Site "https://www.chess.com"]

[Event "Titled Tuesday Blitz December 20 Late 2022"]
[White "Nasir, Zehn"]
[Black "Andreassen, Lars"]
[WhiteFideId "2613239"]
[BlackFideId "1504878"]
[WhiteElo "1993"]
[BlackElo "2119"]
[Result "1-0"]
[Round "06"]
[TimeControl "180+1"]
[Date "2022.12.21"]
[WhiteClock "0:00:17"]
[BlackClock "0:00:07"]

1. d4 d5 2. Bf4 e6 3. e3 Bd6 4. Bg3 Nf6 5. Nd2 O-O 6. Bd3 b6 7. Qe2 c5 8. c3 Nc6 9. f4 Bb7 10. Ngf3 Ne7 11. O-O Ne4 12. Bh4 Qc7 13. Bxe4 dxe4 14. Ng5 Nf5 15. Bf2 cxd4 16. cxd4 Qc2 17. b3 Bb4 18. Rfd1 h6 19. a3 Bxd2 20. Nh3 Qxb3 21. Rxd2 Rac8 22. g4 Nd6 23. g5 Nf5 24. gxh6 Nxh6 25. Kh1 Rc3 26. Rg1 Nf5 27. Ng5 g6 28. Qg4 Kg7 29. Bh4 Rxe3 30. Nxf7 Rxf7 31. Qxg6+ Kf8 32. Qg8# 1-0


[Site "https://www.chess.com"]

[Event "Titled Tuesday Blitz December 20 Late 2022"]
[White "Omelja, Artem"]
[Black "Rego, Pedro Filipe"]
[WhiteFideId "14119846"]
[BlackFideId "1904310"]
[WhiteElo "2404"]
[BlackElo "2193"]
[Result "1-0"]
[Round "06"]
[TimeControl "180+1"]
[Date "2022.12.21"]
[WhiteClock "0:00:06"]
[BlackClock "0:00:01"]

1. e4 c5 2. Nf3 d6 3. Bb5+ Bd7 4. Bxd7+ Qxd7 5. O-O Nc6 6. Re1 e5 7. c3 g6 8. d4 exd4 9. cxd4 cxd4 10. Nxd4 Bg7 11. Be3 Nge7 12. Nc3 O-O 13. Rc1 Ne5 14. b3 a6 15. f3 d5 16. Nde2 Rfd8 17. Nxd5 Nxd5 18. Qxd5 Qxd5 19. exd5 Rxd5 20. Rc7 Re8 21. Nf4 Rd7 22. Rxd7 Nxd7 23. Bf2 Rxe1+ 24. Bxe1 Kf8 25. Kf2 Ke7 26. Bb4+ Kd8 27. Nd3 Kc7 28. h3 Bd4+ 29. Ke2 Kc6 30. Bd2 Ne5 31. Nxe5+ Bxe5 32. Kd3 Kd5 33. Be3 b5 34. Bd2 f5 35. g4 fxg4 36. fxg4 h5 37. gxh5 gxh5 38. Be3 Bf6 39. Bb6 Bg5 40. Ba7 Bd8 41. Ke3 Bc7 42. Kf3 Be5 43. Be3 Ke6 44. Ke4 Bc3 45. Bf2 Bb2 46. Bh4 Bc3 47. Bf2 Bb2 48. Be3 Bc3 49. Bc1 Ba1 50. Kf4 Kf6 51. Be3 Bb2 52. Ke4 Ke6 53. Bd4 Bc1 54. Bc3 Bg5 55. Bb4 Bc1 56. Kd4 Kf5 57. Be7 Kf4 58. Kc5 Kg3 59. h4 Be3+ 60. Kc6 1-0


[Site "https://www.chess.com"]

[Event "Titled Tuesday Blitz December 20 Late 2022"]
[White "Pakleza, Zbigniew"]
[Black "Cruz Mendez, Jean Marco"]
[WhiteFideId "1119290"]
[BlackFideId "3526402"]
[WhiteElo "2746"]
[BlackElo "2561"]
[Result "1-0"]
[Round "06"]
[TimeControl "180+1"]
[Date "2022.12.21"]
[WhiteClock "0:00:24"]
[BlackClock "0:00:33"]

1. d4 Nf6 2. Nf3 d5 3. Bf4 e6 4. e3 Bd6 5. Bg3 O-O 6. Nbd2 c5 7. c3 Qc7 8. Ne5 Nbd7 9. f4 Ne4 10. Nxe4 dxe4 11. Nc4 f5 12. Nxd6 Qxd6 13. dxc5 Qxc5 14. Qd4 Qxd4 15. exd4 Nf6 16. c4 Rd8 17. Bf2 Bd7 18. h3 Rac8 19. a4 a5 20. Be2 Bc6 21. O-O b6 22. Rfd1 Bb7 23. Rab1 Ba6 24. b3 h6 25. Kf1 g5 26. Be3 gxf4 27. Bxf4 Kg7 28. Kf2 Kg6 29. Ke3 Rd7 30. Be5 Kg5 31. Rdc1 h5 32. b4 Bb7 33. bxa5 bxa5 34. Rb6 Rc6 35. Rcb1 Ba8 36. Rb8 Ra6 37. Rf8 Nh7 38. Rg8+ Kh6 39. Bf4+ 1-0


[Site "https://www.chess.com"]

[Event "Titled Tuesday Blitz December 20 Late 2022"]
[White "Paravyan, David"]
[Black "Indjic, Aleksandar"]
[WhiteFideId "4194985"]
[BlackFideId "911925"]
[WhiteElo "2551"]
[BlackElo "2616"]
[Result "1/2-1/2"]
[Round "06"]
[TimeControl "180+1"]
[Date "2022.12.20"]
[WhiteClock "0:00:04"]
[BlackClock "0:00:05"]

1. e4 c5 2. Nf3 d6 3. d4 cxd4 4. Nxd4 Nf6 5. Nc3 a6 6. Bg5 e6 7. f4 h6 8. Bxf6 Qxf6 9. Qd2 g5 10. f5 Nc6 11. Nxc6 bxc6 12. O-O-O Qe5 13. Bc4 Rb8 14. Rhf1 Be7 15. fxe6 fxe6 16. Bb3 a5 17. Qf2 Qf4+ 18. Kb1 Qxf2 19. Rxf2 Rf8 20. Rxf8+ Bxf8 21. Ne2 Ke7 22. Nd4 Bd7 23. Bxe6 c5 24. Bxd7 cxd4 25. Bc6 Bg7 26. Bd5 Rf8 27. Bc4 Rf2 28. Rf1 Rxg2 29. b4 d3 30. Rf7+ Ke8 31. cxd3 Bc3 32. bxa5 Bxa5 33. h3 Rh2 34. Rf3 Bc3 35. a4 Kd7 36. d4 Bxd4 37. a5 Rb2+ 38. Kc1 Rb4 39. Rf7+ Ke8 40. Bd5 Ra4 41. Bc6+ Kxf7 42. Bxa4 h5 43. Bd1 Kg6 44. a6 g4 45. hxg4 h4 46. Kc2 Kg5 47. Kd3 Ba7 48. Bf3 Kf4 49. Bh1 Kxg4 50. Kc4 Kf4 51. Kb5 Kg3 52. Kc6 Kh2 53. Bf3 Kg3 54. Bh1 Kh2 55. Kb7 Bd4 56. Bf3 Kg3 57. Bh1 Kh2 58. Bf3 Kg3 59. Bh1 Kh2 1/2-1/2


[Site "https://www.chess.com"]

[Event "Titled Tuesday Blitz December 20 Late 2022"]
[White "Pein, Jonathan"]
[Black "Roman, Rodrigo"]
[WhiteFideId "417092"]
[BlackFideId "3701220"]
[WhiteElo "2225"]
[BlackElo "1995"]
[Result "0-1"]
[Round "06"]
[TimeControl "180+1"]
[Date "2022.12.21"]
[WhiteClock "0:00:58"]
[BlackClock "0:00:08"]

1. b3 a6 2. Bb2 e6 3. e3 Nf6 4. Nf3 Be7 5. d4 d6 6. Bd3 Nbd7 7. Nbd2 d5 8. Qe2 c6 9. h3 Bd6 10. e4 dxe4 11. Nxe4 Nxe4 12. Qxe4 Nf6 13. Qh4 Nd5 14. Qxd8+ Kxd8 15. O-O-O Nb4 16. a3 Nxd3+ 17. Rxd3 Ke7 18. Ne5 f6 19. Nc4 Bc7 20. Re1 Kf7 21. Kb1 b5 22. Nd2 Bb7 23. Ne4 Rad8 24. Nc5 Bc8 25. Rde3 Rhe8 26. h4 a5 27. h5 Bb6 28. Bc3 e5 29. b4 axb4 30. axb4 Bf5 31. dxe5 Bxc5 32. bxc5 b4 33. Bxb4 Rb8 34. Rb3 fxe5 35. Kb2 Kg8 36. Bc3 Rxb3+ 37. cxb3 e4 38. f3 e3 39. g4 e2 40. Bd4 Bd3 41. Kc3 Bb5 42. Bf2 Kf7 43. Ra1 g6 44. h6 Re7 45. Kd2 g5 46. Ra5 Kg6 47. b4 Kxh6 48. Ke1 Kg6 49. Bg3 h5 50. gxh5+ Kxh5 51. Rxb5 cxb5 52. c6 g4 53. c7 Re8 54. fxg4+ Kxg4 55. Bd6 Kf3 56. Be7 Rc8 57. Bd8 Ke3 58. Bg5+ Kd3 59. Bd8 Kc4 60. Kxe2 Kxb4 61. Kd3 Ka3 62. Kc2 b4 63. Kb1 Kb3 64. Kc1 Ka2 65. Kc2 b3+ 0-1


[Site "https://www.chess.com"]

[Event "Titled Tuesday Blitz December 20 Late 2022"]
[White "Perske, Thore"]
[Black "Bolanos, Fernando"]
[WhiteFideId "12902195"]
[BlackFideId "3304094"]
[WhiteElo "2336"]
[BlackElo "2166"]
[Result "1-0"]
[Round "06"]
[TimeControl "180+1"]
[Date "2022.12.21"]
[WhiteClock "0:01:58"]
[BlackClock "0:01:50"]

1. e4 c5 2. Nf3 d6 3. g3 Nf6 4. d3 g6 5. Bg2 Bg7 6. O-O O-O 7. Nc3 Nc6 8. h3 Rb8 9. a4 a6 10. Be3 b5 11. axb5 axb5 12. Qd2 b4 13. Nd1 Be6 14. Bh6 Qd7 15. Kh2 Ra8 16. Rb1 Rfc8 17. Bxg7 Kxg7 18. Ne3 Ba2 19. Rbc1 e5 20. b3 Qb7 21. Nh4 Nd4 22. f4 Bxb3 23. fxe5 dxe5 24. cxb3 Nxb3 25. Nef5+ Kh8 26. Qg5 Ng8 27. Nd6 f6 28. Nxg6+ hxg6 29. Qxg6 Qg7 30. Nf7+ Qxf7 31. Qxf7 Nxc1 32. Rf5 1-0


[Site "https://www.chess.com"]

[Event "Titled Tuesday Blitz December 20 Late 2022"]
[White "Piliczewski, Bogusz"]
[Black "Clawitter, Craig"]
[WhiteFideId "1104144"]
[BlackFideId "2023105"]
[WhiteElo "1896"]
[BlackElo "2223"]
[Result "1/2-1/2"]
[Round "06"]
[TimeControl "180+1"]
[Date "2022.12.21"]
[WhiteClock "0:00:39"]
[BlackClock "0:00:07"]

1. d4 e6 2. Nf3 Nf6 3. Bf4 b6 4. e3 Bb7 5. Be2 Be7 6. h3 c5 7. O-O O-O 8. Nbd2 cxd4 9. exd4 d6 10. c3 a6 11. a4 Re8 12. Re1 Nbd7 13. Bd3 Nf8 14. Qe2 Ng6 15. Bh2 d5 16. Ne5 Nxe5 17. dxe5 Nd7 18. f4 Nc5 19. Bc2 b5 20. axb5 axb5 21. Qxb5 d4 22. Ne4 Rxa1 23. Rxa1 Bxe4 24. Bxe4 Nxe4 25. Rd1 Qb8 26. Qxb8 Rxb8 27. cxd4 Rxb2 28. Kf1 h5 29. d5 Rf2+ 30. Kg1 Bc5 31. Kh1 Rd2 32. Rxd2 Nxd2 33. d6 Kf8 34. Bg3 Ke8 35. Be1 Ne4 36. g4 hxg4 37. hxg4 Kd7 38. Kg2 Nxd6 39. exd6 Bxd6 40. Kf3 g6 41. Bd2 Kc6 42. Ke4 f5+ 43. gxf5 gxf5+ 44. Kf3 Kd5 45. Bc3 Kc4 46. Bf6 Kd3 47. Bg7 Bc5 48. Bf6 Bd4 49. Be7 e5 50. fxe5 Bxe5 51. Bg5 Kd4 52. Bh6 Kd5 53. Bg5 Ke6 54. Bd2 Kf7 55. Be3 Kg6 56. Bd2 Kf7 57. Be3 Ke6 58. Bd2 Kd5 59. Be3 Kc4 60. Bc1 Kd3 61. Bh6 Bf6 62. Bf4 Kd4 63. Be3+ Kd3 64. Bc1 Kc2 65. Bh6 Kd3 66. Kf4 Bg5+ 67. Bxg5 Kd4 68. Kxf5 1/2-1/2


[Site "https://www.chess.com"]

[Event "Titled Tuesday Blitz December 20 Late 2022"]
[White "Postnikov, Artem"]
[Black "Delorme, Axel"]
[WhiteFideId "34153575"]
[BlackFideId "632023"]
[WhiteElo "2243"]
[BlackElo "2478"]
[Result "0-1"]
[Round "06"]
[TimeControl "180+1"]
[Date "2022.12.21"]
[WhiteClock "0:01:29"]
[BlackClock "0:00:41"]

1. d4 d5 2. c4 e6 3. Nc3 c6 4. e3 f5 5. f4 Nf6 6. Nf3 Be7 7. g3 Ne4 8. Bg2 O-O 9. O-O Nd7 10. Ne5 Nxe5 11. dxe5 Nxc3 12. bxc3 dxc4 13. Qe2 Qd3 14. Qxd3 cxd3 15. Rd1 Rd8 16. Bf1 b6 17. Rxd3 Bb7 18. Bb2 Rxd3 19. Bxd3 Rd8 20. Rd1 Ba6 21. Bc2 Rxd1+ 22. Bxd1 Bc4 23. Bb3 Bxb3 24. axb3 a5 25. Kf2 b5 26. e4 g6 27. h3 Bc5+ 28. Kf3 Kf7 29. g4 fxg4+ 30. hxg4 h5 31. gxh5 gxh5 32. f5 a4 33. bxa4 bxa4 34. c4 a3 35. Ba1 Bb4 36. Kg3 Bd2 0-1


[Site "https://www.chess.com"]

[Event "Titled Tuesday Blitz December 20 Late 2022"]
[White "Radovanovic, Dusan"]
[Black "Ardila, Oscar Humberto"]
[WhiteFideId "926868"]
[BlackFideId "4404742"]
[WhiteElo "2337"]
[BlackElo "1961"]
[Result "0-1"]
[Round "06"]
[TimeControl "180+1"]
[Date "2022.12.21"]
[WhiteClock "0:00:04"]
[BlackClock "0:00:17"]

1. e4 e5 2. Nf3 Nf6 3. Nc3 Nc6 4. Bb5 Bb4 5. O-O O-O 6. d3 d6 7. Bg5 Bxc3 8. bxc3 Qe7 9. Re1 Nd8 10. d4 Ne6 11. Bd2 Rd8 12. Bd3 Nf8 13. Nh4 Ng4 14. Nf3 Ng6 15. h3 Nf6 16. a4 c5 17. a5 Bd7 18. a6 b6 19. Kh2 Rac8 20. g3 Bc6 21. d5 Be8 22. c4 Bd7 23. Kg2 Rb8 24. Qe2 h6 25. Nh2 Rf8 26. h4 Rfe8 27. h5 Nf8 28. f4 N8h7 29. fxe5 dxe5 30. Rf1 Rf8 31. Be3 Ne8 32. Ng4 Bxg4 33. Qxg4 Kh8 34. Rf2 Nhf6 35. Qh4 Ng8 36. Qh3 Rd8 37. Raf1 Nd6 38. g4 f6 39. Qg3 Nf7 40. Rf5 Ng5 41. Bxg5 hxg5 42. Qh2 Nh6 43. Kg3 Qd7 44. Be2 Nxf5+ 45. Rxf5 Kg8 46. h6 Qf7 47. Rf1 Qg6 48. Bd3 Qxh6 49. Qg2 Qh4+ 50. Kf3 Qh7 51. Rh1 Qg6 52. Qh3 Kf7 53. Qf1 Rh8 54. Rg1 Rh2 55. Qb1 Qh6 56. Rg3 Rh3 57. Qb5 Rxg3+ 58. Kxg3 Qh4+ 59. Kf3 Qh3+ 60. Kf2 Qxg4 61. Qc6 Kg6 62. Qc7 Rh8 63. d6 Rh2+ 64. Ke3 Qf4# 0-1


[Site "https://www.chess.com"]

[Event "Titled Tuesday Blitz December 20 Late 2022"]
[White "Renjith, Sravan"]
[Black "Melkumyan, Hrant"]
[WhiteFideId "4306783"]
[BlackFideId "13302485"]
[WhiteElo "2582"]
[BlackElo "2936"]
[Result "0-1"]
[Round "06"]
[TimeControl "180+1"]
[Date "2022.12.21"]
[WhiteClock "0:00:03"]
[BlackClock "0:00:13"]

1. Nf3 c5 2. c3 Nf6 3. d4 d5 4. g3 Nc6 5. Bg2 cxd4 6. cxd4 Bf5 7. O-O e6 8. Nc3 h6 9. a3 Be7 10. Ne5 Rc8 11. Nxc6 Rxc6 12. Bf4 O-O 13. Rc1 Qb6 14. Qd2 Rfc8 15. f3 Rc4 16. Be3 Qb3 17. Ra1 b5 18. Rfc1 a5 19. Qd1 Qxb2 20. Ra2 Qxc3 21. Rxc3 Rxc3 22. Bd2 R3c4 23. e3 b4 24. Bf1 Rc2 25. Rxc2 Bxc2 26. Qc1 b3 27. Bxa5 Rb8 28. Bc3 Nd7 29. a4 Nb6 30. a5 Na4 31. Ba1 Bb4 32. a6 Nb6 33. e4 Nc4 34. Bxc4 dxc4 35. Qf4 Ra8 36. Qc7 c3 37. Bxc3 Rxa6 38. Bxb4 Ra1+ 39. Kf2 b2 40. Qxc2 b1=Q 41. Qxb1 Rxb1 42. Bd2 f5 43. exf5 exf5 44. Ke3 Kf7 45. Kf4 Kf6 46. h4 g5+ 47. hxg5+ hxg5+ 48. Ke3 Rb3+ 49. Kf2 g4 50. fxg4 fxg4 51. Bf4 Kf5 52. d5 Ke4 53. d6 Rb2+ 54. Ke1 Rb5 55. Kd2 Kd4 56. Ke2 Rb2+ 57. Ke1 Rb7 58. Ke2 Ke4 59. Ke1 Ra7 60. Kd2 Ra3 61. Ke2 Rd3 62. Ke1 Kf3 63. Bd2 Rxd6 64. Bf4 Re6+ 65. Kd2 Re4 66. Bc7 Re2+ 67. Kd3 Rg2 0-1


[Site "https://www.chess.com"]

[Event "Titled Tuesday Blitz December 20 Late 2022"]
[White "Rian, Kapriaga"]
[Black "Poliakova, Varvara"]
[WhiteFideId "7103263"]
[BlackFideId "13518313"]
[WhiteElo "2350"]
[BlackElo "2075"]
[Result "0-1"]
[Round "06"]
[TimeControl "180+1"]
[Date "2022.12.21"]
[WhiteClock "0:00:01"]
[BlackClock "0:01:21"]

1. d4 f5 2. Nc3 d6 3. Nf3 Nf6 4. Bg5 Nbd7 5. e3 g6 6. Bc4 Bg7 7. h4 c6 8. Bb3 d5 9. Ne2 h6 10. Bf4 O-O 11. Ne5 Nxe5 12. Bxe5 Ng4 13. Bxg7 Kxg7 14. Nf4 e5 15. dxe5 Nxe5 16. Qd4 Qf6 17. O-O-O a5 18. Rh3 a4 19. Bxd5 cxd5 20. Nxd5 Nc6 21. Qxf6+ Rxf6 22. Nxf6 Kxf6 23. a3 Be6 24. Rhh1 Ne5 25. Rd4 Rc8 26. Rhd1 b5 27. f3 Nc4 28. R1d3 g5 29. hxg5+ hxg5 30. e4 fxe4 31. fxe4 Ke5 32. Rd8 Rxd8 33. Rxd8 Kxe4 34. Rb8 Nd6 35. Kd2 g4 36. Rf8 Nc4+ 37. Kc3 Ne3 38. g3 Nf5 39. Kb4 Nxg3 40. Kxb5 Nf5 41. Rf6 Ke5 42. Rg6 Nh4 43. Rxg4 Bxg4 44. Kxa4 Bd1 45. Kb5 Bxc2 46. a4 Kd6 47. a5 Bd3+ 48. Kb6 Nf5 49. b4 Ne7 50. a6 Nd5+ 51. Kb7 Nxb4 52. a7 Be4+ 53. Kb8 Na6+ 54. Kc8 Ba8 0-1


[Site "https://www.chess.com"]

[Event "Titled Tuesday Blitz December 20 Late 2022"]
[White "Ronka, Erik"]
[Black "Matinian, Nikita"]
[WhiteFideId "505080"]
[BlackFideId "24129100"]
[WhiteElo "2264"]
[BlackElo "2422"]
[Result "0-1"]
[Round "06"]
[TimeControl "180+1"]
[Date "2022.12.21"]
[WhiteClock "0:00:08"]
[BlackClock "0:01:32"]

1. d4 Nf6 2. Nf3 g6 3. Bg5 Bg7 4. Nbd2 d5 5. e3 b6 6. Bd3 Bb7 7. O-O O-O 8. Qe2 h6 9. Bh4 c5 10. c3 Nc6 11. Rad1 Qc8 12. h3 a5 13. Rfe1 e6 14. dxc5 bxc5 15. e4 Ba6 16. Bxa6 Qxa6 17. exd5 exd5 18. Qxa6 Rxa6 19. Nb3 Rb6 20. Nxc5 Rxb2 21. Bxf6 Bxf6 22. Nd7 Bxc3 23. Re3 d4 24. Re4 Rd8 25. Nf6+ Kg7 26. Ne8+ Kf8 27. Nc7 Rxa2 28. Nb5 a4 29. g4 a3 30. Nxc3 dxc3 31. Rxd8+ Nxd8 32. Rc4 c2 33. Kg2 Rb2 34. Nd4 a2 35. Nxc2 Rxc2 36. Ra4 Nc6 37. Kg3 Nb4 38. h4 Rc1 39. f4 a1=Q 0-1


[Site "https://www.chess.com"]

[Event "Titled Tuesday Blitz December 20 Late 2022"]
[White "Rose, Felix"]
[Black "benny_aizenberg"]
[WhiteFideId "5105722"]
[WhiteElo "2039"]
[BlackElo "2405"]
[Result "0-1"]
[Round "06"]
[TimeControl "180+1"]
[Date "2022.12.21"]
[WhiteClock "0:01:01"]
[BlackClock "0:01:49"]

1. e4 c5 2. Nf3 d6 3. d4 cxd4 4. Nxd4 Nf6 5. Nc3 a6 6. Be3 e5 7. Nb3 Be7 8. f3 Be6 9. Qd2 O-O 10. O-O-O Nbd7 11. g4 b5 12. g5 Nh5 13. Kb1 Nb6 14. Na5 Rc8 15. Rg1 Qc7 16. a3 g6 17. h4 Rfd8 18. Be2 d5 19. Bxb6 Qxb6 20. Nxd5 Bxd5 21. exd5 Nf4 22. b4 Nxd5 23. Rde1 Nc3+ 0-1


[Site "https://www.chess.com"]

[Event "Titled Tuesday Blitz December 20 Late 2022"]
[White "Rosenberg, Evan S"]
[Black "Tristan, Leonardo"]
[WhiteFideId "2019299"]
[BlackFideId "113816"]
[WhiteElo "2409"]
[BlackElo "2461"]
[Result "0-1"]
[Round "06"]
[TimeControl "180+1"]
[Date "2022.12.21"]
[WhiteClock "0:00:01"]
[BlackClock "0:00:24"]

1. d4 d5 2. Nf3 Nf6 3. c3 Bf5 4. Qb3 Qc8 5. c4 e6 6. cxd5 exd5 7. Nc3 c6 8. Bf4 Be7 9. Rc1 O-O 10. h3 Nbd7 11. g4 Be6 12. Ng5 h6 13. Nxe6 fxe6 14. e3 Ne8 15. Bg2 Bd6 16. Ne2 Qc7 17. g5 Qa5+ 18. Kf1 Bxf4 19. Nxf4 hxg5 20. Nxe6 Qd2 21. Nxf8 Nxf8 22. Qc2 Qa5 23. a3 Nf6 24. Kg1 Re8 25. Kh2 Qc7+ 26. Kg1 Ne4 27. Bxe4 Rxe4 28. Rh2 Ng6 29. Rf1 Nh4 30. Qe2 Qf7 31. f3 Re6 32. Qf2 Rf6 33. f4 Qg6 34. Kh1 Qe4+ 35. Kg1 gxf4 36. Qxh4 Rg6+ 37. Qg4 fxe3 38. Qxg6 Qxg6+ 39. Rg2 Qe4 40. Re1 Qxd4 41. Rge2 Qf6 42. Rxe3 Qxb2 43. Re8+ Kh7 44. R8e3 d4 45. Re4 c5 46. R1e2 Qxa3 47. Rh4+ Kg8 48. Re8+ Kf7 49. Ree4 Qc1+ 50. Kf2 Qc2+ 51. Kf3 Qd3+ 52. Kf2 a5 53. Rhf4+ Kg8 54. Re8+ Kh7 55. Rh4+ Kg6 56. Rg4+ Kf7 57. Ree4 g5 58. Re2 Qf5+ 59. Kg3 Kg6 60. Rf2 Qe5+ 61. Kg2 Kh5 62. Rf8 Qd5+ 63. Kg1 d3 64. Rh8+ Kg6 65. Rc8 d2 66. Rxc5 d1=Q+ 0-1


[Site "https://www.chess.com"]

[Event "Titled Tuesday Blitz December 20 Late 2022"]
[White "Sarana, Alexey"]
[Black "Donchenko, Alexander"]
[WhiteFideId "24133795"]
[BlackFideId "24603295"]
[WhiteElo "2708"]
[BlackElo "2581"]
[Result "1-0"]
[Round "06"]
[TimeControl "180+1"]
[Date "2022.12.20"]
[WhiteClock "0:00:23"]
[BlackClock "0:00:23"]

1. d4 Nf6 2. c4 e6 3. Nc3 Bb4 4. e3 c5 5. Bd3 Nc6 6. Ne2 O-O 7. O-O cxd4 8. exd4 d5 9. c5 b6 10. Bb5 Bb7 11. a3 Bxc3 12. Nxc3 bxc5 13. dxc5 d4 14. Na4 Qd5 15. f3 Na5 16. b4 Nb3 17. Rb1 Nxc1 18. Rxc1 Rfc8 19. Qd3 e5 20. Bc4 Qd7 21. b5 e4 22. fxe4 Bxe4 23. Qg3 Bg6 24. c6 Qe7 25. Nc5 Kh8 26. Bd3 Nd5 27. Bxg6 fxg6 28. Rfd1 Nc3 29. Rxc3 dxc3 30. Qxc3 h6 31. Rd7 Qf8 32. Ne6 Qf6 33. Qxf6 gxf6 34. c7 Kg8 35. a4 Re8 36. a5 Rxe6 37. Rd8+ Re8 38. Rxa8 Rxa8 39. b6 axb6 40. axb6 1-0


[Site "https://www.chess.com"]

[Event "Titled Tuesday Blitz December 20 Late 2022"]
[White "Sarkar, Justin"]
[Black "Torres Dominguez, David"]
[WhiteFideId "2010011"]
[BlackFideId "2220857"]
[WhiteElo "2239"]
[BlackElo "2037"]
[Result "1-0"]
[Round "06"]
[TimeControl "180+1"]
[Date "2022.12.21"]
[WhiteClock "0:00:05"]
[BlackClock "0:00:10"]

1. e4 Nc6 2. d4 e5 3. dxe5 Nxe5 4. Nf3 Qf6 5. Nc3 Bb4 6. Bd2 Nxf3+ 7. gxf3 Ne7 8. Qe2 d6 9. Qb5+ Nc6 10. O-O-O O-O 11. Rg1 Kh8 12. Qg5 Bxc3 13. Bxc3 Qxg5+ 14. Rxg5 f6 15. Rg3 Be6 16. f4 Rae8 17. b3 Bd7 18. f3 a6 19. f5 Ne5 20. Be2 Bb5 21. Bxb5 axb5 22. Rd5 c6 23. Rxd6 Rd8 24. Rxd8 Rxd8 25. f4 Nf7 26. e5 Rd5 27. exf6 g6 28. fxg6 hxg6 29. Rxg6 Rd7 30. Rg7 1-0


[Site "https://www.chess.com"]